 Dungeon Crawl Stone Soup version 0.29-a0-721-g7f417c9bbb (webtiles) character file.

Game seed: 352761658014319394

56 gearnest the Trooper (level 3, -1/33 HPs)
             Began as a Draconian Monk on June 27, 2022.
             Was an Initiate of Ashenzari.
             Slain by a gnoll
             ... wielding a +0 club
              (3 damage)
             ... on level 2 of the Dungeon.
             The game lasted 00:02:12 (1273 turns).

gearnest the Trooper (Draconian Monk)               Turns: 1273, Time: 00:02:12

Health: -1/33      AC:  5    Str: 13    XL:     3   Next: 71%
Magic:  4/4        EV: 13    Int: 10    God:    Ashenzari [......]
Gold:   122        SH:  0    Dex: 15    Spells: 4/4 levels left

rFire   + . .      SeeInvis .   a - +0 short sword "All-seeing Vision" {Evo, Alch} (curse)
rCold   + . .      Faith    .   (no shield)
rNeg    . . .      Spirit   .   (body armour unavailable)
rPois   +          Reflect  .   (helmet restricted)
rElec   +          Harm     .   (no cloak)
rCorr   +          Rampage  .   (no gloves)
Will    .....                   (no boots)
Stlth   ++........              (no amulet)
HPRegen 0.11/turn               (no ring)
MPRegen 0.09/turn               (no ring)

@: resistant, flying
A: AC +5, unfitting armour, cold-blooded
a: Renounce Religion, Shatter the Chains


You were on level 2 of the Dungeon.
You worshipped Ashenzari.
Ashenzari was noncommittal.
You visited 1 branch of the dungeon, and saw 2 of its levels.

You collected 122 gold pieces.

Inventory:

Hand Weapons
 a - the cursed +0 short sword "All-seeing Vision" (weapon) {Evo, Alch}

   It has a curse which improves the following skills: Evocations: Evocations.
   Alchemy:   Poison Magic and Transmutations.
Jewellery
 f - the amulet of Qer Feop {rC+ rN+ Regen+}
   (You found it on level 2 of the Dungeon)

   [amulet of regeneration]

   rC:        It protects you from cold.
   rN:        It protects you from negative energy.
   Regen:     It increases your rate of health regeneration.
Scrolls
 c - a scroll of amnesia {unknown}
 e - a scroll of fog {unknown}
 g - a scroll of enchant weapon {unknown}
Potions
 h - a potion of heal wounds {unknown}
 i - a potion of flight
 j - a potion of curing {unknown}


   Skills:
 + Level 3.8 Fighting
 + Level 3.3 Short Blades
 + Level 3.0 Dodging
 + Level 2.3 Stealth
 + Level 1.1 Spellcasting


You had 4 spell levels left.
You didn't know any spells.
Your spell library was empty.

Dungeon Overview and Level Annotations

Branches:
Dungeon (2/15)

Altars:
Ashenzari
Xom


Innate Abilities, Weirdness & Mutations

Your plain brown scales are hard. (AC +5)
You cannot fit into any form of body armour.
You are cold-blooded and may be slowed by cold attacks.


Message History

You hit the gnoll.
You kill the gnoll!
You hit the gnoll but do no damage. The gnoll completely misses you.
A quokka comes into view.
You hit the gnoll. You tail-slap the gnoll.
The gnoll is moderately wounded.
The gnoll hits you with a +0 flail.
You closely miss the gnoll.
The gnoll is moderately wounded.
The gnoll hits you with a +0 flail.
You hit the gnoll.
The gnoll is severely wounded.
The gnoll barely misses you.
You barely miss the gnoll.
The gnoll is severely wounded.
The gnoll hits you with a +0 flail.
You hit the gnoll.
The gnoll is almost dead.
You hit the gnoll.
You kill the gnoll!
You hit the kobold.
You kill the kobold!
You barely miss the gnoll.
The gnoll is moderately wounded.
The gnoll barely misses you.
You hit the gnoll. You tail-slap the gnoll.
The gnoll is heavily wounded.
The gnoll hits you with a +0 club. The gnoll completely misses you.
You hit the gnoll.
The gnoll is severely wounded.
The gnoll misses you. The gnoll hits you with a +0 club.
* * * LOW HITPOINT WARNING * * *
You hit the gnoll.
The gnoll is almost dead.
The gnoll barely misses you. The gnoll hits you with a +0 club.
* * * LOW HITPOINT WARNING * * *
You hit the gnoll.
The gnoll is almost dead.
The gnoll hits you but does no damage. The gnoll hits you with a +0 club.
You die... .####### #######.... #......# ........... #......# .........## ......+ ........... g.... .........## rgg

........... #. #g#
........### #.# #####g#
........... ...###...#@#
############## #..#..#...#
#............# ###...###..#
#.......####.# .#..#..#...#
#..<....+.....
...........#.#.......####.#
.#####.####.#.......# #.#
.. ##...###.#.......# #.#
#..#..#..##.#.####### #.#
##...###.##.#.# #.#


You could see 2 gnolls, a quokka, a hobgoblin and a goblin.

Vanquished Creatures
  An adder (D:2)
  2 gnolls (D:2)
  2 bats
  3 endoplasms
  3 goblins (D:1)
  3 hobgoblins (D:2)
  2 quokkas
  2 ball pythons (D:2)
  3 frilled lizards (D:2)
  3 kobolds
  5 rats
29 creatures vanquished.

Notes
Turn   | Place    | Note
-------+----------+-------------------------------------------
     0 | D:1      | gearnest the Draconian Monk began the quest for the Orb.
     0 | D:1      | Reached XP level 1. HP: 19/19 MP: 1/1
   274 | D:1      | Reached XP level 2. HP: 26/26 MP: 2/2
   309 | D:1      | Found a faded altar of an unknown god.
   602 | D:1      | Prayed at the altar of an unknown god.
   602 | D:1      | Became a worshipper of Ashenzari the Shackled
   622 | D:2      | Identified the amulet of Qer Feop {rC+ rN+ Regen+}
   663 | D:2      | Found a shimmering altar of Xom.
   834 | D:2      | Reached XP level 3. HP: 27/31 MP: 4/4
  1053 | D:2      | Reached skill level 1 in Spellcasting
  1273 | D:2      | Slain by a gnoll

Illustrated notes

Levels and vault maps discovered:
D:1:      psy_arrival_dodecagon, layout_basic, chequers_ecumenical_altar_simple
D:2:      layout_basic, basic_altar, st_stairs_2, hangedman_decor_points,
          minmay_strange_pillars, chequers_serial_rivers_room_a

Skill      XL: |  1  2  3 |
---------------+----------+-----
Stealth        | 2 |  2.3
Dodging        | 3 |  3.0
Spellcasting   | 1 |  1.1
Fighting       | |  3.8
Short Blades   | |  3.3

Action                   || total
-------------------------++-------
Melee: Short sword       ||    86
       Tailslap          ||     9
Invok: Curse Item        ||     1
  Use: Potion            ||     3
 Stab: Sleeping          ||     4
Armor: Skin              ||    19
Dodge: Dodged            ||    65

Table legend: (Time is in decaauts)
 A = Elapsed time spent in this place.
 B = Non-inter-level travel time spent in this place.
 C = Inter-level travel time spent in this place.
 D = Time resting spent in this place.
 E = Time spent auto-exploring this place.
 F = Levels seen in this place.
 G = Mean time per level.
                   A        B        C        D        E       F      G
               +--------+--------+--------+--------+--------+-----+--------+
         Total |   1267 |   1214 |     53 |      0 |   1000 |   2 |  633.5 |
       Dungeon |   1267 |   1214 |     53 |      0 |   1000 |   2 |  633.5 |
               +--------+--------+--------+--------+--------+-----+--------+

Top non-repeatable levels by time:
     D:2: 656 daAuts
     D:1: 611 daAuts
